 Dungeon Crawl Stone Soup version 0.26-a0-597-gb535b0901c (webtiles) character file.

Game seed: 773606065991102426

77463 Lavandula the Epochal (level 15, 0/153 HPs)
             Began as an Ogre Hunter on Sept 10, 2020.
             Was an Elder of Cheibriados.
             Hit by a silver javelin thrown by a merfolk javelineer (1 damage)
             ... on level 4 of the Shoals.
             The game lasted 01:30:41 (19296 turns).

Lavandula the Epochal (Ogre Hunter)                Turns: 19296, Time: 01:30:42

Health: 0/153      AC: 11    Str: 36    XL:     15   Next: 57%
Magic:  19/27      EV: 16    Int: 22    God:    Cheibriados [****..]
Gold:   243        SH:  0    Dex: 24    Spells: 21/27 levels left

rFire    + . .     SeeInvis .     - Unarmed
rCold    + . .     Faith    .   (no shield)
rNeg     . . .     Spirit   .   D - +2 robe {MR+}
rPois    .         Reflect  .   E - +2 hat
rElec    .         Harm     .   a - scarf {rC+ rF+}
rCorr    .                      (gloves unavailable)
MR       ++...                  (boots unavailable)
Stlth    ++........             S - amulet of magic regeneration
HPRegen  0.35/turn              F - +4 ring of protection
MPRegen  0.45/turn              b - +6 ring of strength

@: studying Transmutations, very slow
A: large, unfitting armour, tough skin 1
a: Bend Time, Temporal Distortion, Slouch, Renounce Religion


You were on level 4 of the Shoals.
You worshipped Cheibriados.
Cheibriados was greatly pleased with you.
You visited 4 branches of the dungeon, and saw 25 of its levels.
You also visited: Volcano.

You collected 1834 gold pieces.
You spent 1591 gold pieces at shops.

Inventory:

Hand Weapons
 P - a +6 fustibalus of flaming
Missiles
 d - 3 throwing nets
 h - 88 poisoned darts
 i - 428 stones
 n - 6 large rocks
 u - 64 sling bullets
 z - 12 boomerangs (quivered)
Armour
 a - a scarf of resistance (worn)
 o - +0 steam dragon scales
 v - a +0 robe of fire resistance
 D - a +2 robe of magic resistance (worn)
 E - a +2 hat (worn)
Jewellery
 b - a +6 ring of strength (right hand)
 F - a +4 ring of protection (left hand)
 K - an uncursed ring of protection from fire
 M - an uncursed ring of wizardry
 S - an amulet of magic regeneration (around neck)
Wands
 s - a wand of flame (18)
 I - a wand of digging (3)
 L - a wand of iceblast (24)
 Q - a wand of polymorph (15)
 R - a wand of paralysis (9)
 X - a wand of enslavement (7)
Scrolls
 e - 2 scrolls of silence
 f - 2 scrolls of amnesia
 g - 7 scrolls of teleportation
 j - a scroll of brand weapon
 m - 7 scrolls of remove curse
 r - a scroll of fog
 w - 2 scrolls of magic mapping
 y - 9 scrolls of immolation
 A - 3 scrolls of fear
 C - a scroll of noise
 G - a scroll of torment
 N - 5 scrolls of enchant armour
 U - 3 scrolls of blinking
 V - a scroll of identify
Potions
 l - 6 potions of curing
 p - 2 potions of resistance
 q - a potion of lignification {unknown}
 t - 6 potions of ambrosia
 x - 4 potions of flight
 B - 4 potions of heal wounds {unknown}
 H - 2 potions of cancellation {unknown}
 J - 3 potions of mutation
 O - 2 potions of berserk rage {unknown}
 T - 2 potions of magic
 W - a potion of might {unknown}
 Y - 2 potions of brilliance {unknown}
 Z - 4 potions of invisibility {unknown}
Books
 k - a manual of Transmutations


   Skills:
 - Level 11.1 Fighting
 + Level 16.1 Throwing
 - Level 7.0 Dodging
 - Level 0.6 Stealth
 - Level 7.0 Unarmed Combat
 - Level 6.6 Spellcasting
 - Level 3.8 Ice Magic
 - Level 16.2 Invocations


You had 21 spell levels left.
You knew the following spells:

 Your Spells              Type           Power        Failure   Level
a - Ozocubu's Armour      Ice            ###.....     5%          3
b - Frozen Ramparts       Ice            ###...       5%          3

Your spell library contained the following spells:

 Spells                   Type           Power        Failure   Level
 Freeze                   Ice            ###.         1%          1
 Animate Skeleton         Necr           #.....       9%          1
 Magic Dart               Conj           #...         9%          1
 Pain                     Necr           #...         9%          1
 Searing Ray              Conj           #.....       13%         2
 Dazzling Flash           Conj/Hex       #.....       26%         3
 Vampiric Draining        Necr           #.........   26%         3
 Hailstorm                Conj/Ice       ###.....     36%         4
 Summon Ice Beast         Ice/Summ       ###.....     36%         4
 Animate Dead             Necr           #.........   63%         4
 Fulminant Prism          Conj/Hex       #.........   63%         4
 Iskenderun's Mystic Bla  Conj/Tloc      #.......     63%         4
 Agony                    Necr           #.......     93%         5


Dungeon Overview and Level Annotations

Branches:
Dungeon (13/15)            Temple (0/1) D:5            Lair (6/6) D:11
 Shoals (4/4) Lair:2        Slime (0/5) Lair:6          Orc (2/2) D:12
    Elf (0/3) Orc:2       Volcano (visited)
  Snake: Lair:2-4    Spider: Lair:2-4    Vaults: D:13-14

Altars:
Ashenzari
Cheibriados
Kikubaaqudgha
Okawaru
Vehumet
Xom
Beogh
Jiyva

Shops:
D:4 (   D:9 [   Orc:2 ?}[?   Shoals:1 =

Annotations:
D:5 exclusion: downstairs
Lair:2 Nergalle
Lair:4 exclusion: hydra
Lair:6 1 runed translucent door
Orc:2 exclusion: 2 stone giants


Innate Abilities, Weirdness & Mutations

You are too large for most types of armour.
You have tough skin. (AC +1)


Message History

Aim: a wind drake (severely wounded, repelling missiles)
You throw a boomerang.
The boomerang barely misses the wind drake.
The wind drake flaps its wings at you. The air twists around and strikes you!!
* * * LOW HITPOINT WARNING * * *
Press: ? - help, v - describe, . - travel, g - get item
Here: a wind drake (severely wounded, repelling missiles) Item here: a wind drake corpse.
Some shallow water.
You step out of the flow of time.
You return to the normal time flow.
You can no longer step out of the flow of time.
Cheibriados lowers the support of your attributes as your movement quickens.
A merfolk javelineer comes into view.
It is wielding a +0 spear of flaming and quivering 16 silver javelins.
A merfolk javelineer is nearby!
The merfolk javelineer shouts!
The merfolk javelineer throws a silver javelin.
The silver javelin pierces through you!!
* * * LOW HITPOINT WARNING * * *
You die...

≈≈≈≈≈≈≈≈≈≈≈≈≈≈≈≈≈
≈≈≈≈≈≈≈≈≈≈≈≈≈≈≈≈≈≈≈
≈≈≈≈≈≈≈≈≈≈≈≈≈≈≈≈≈≈≈≈
≈≈≈≈≈≈≈≈≈≈≈≈≈≈≈≈≈≈≈≈
≈≈≈≈≈≈≈≈≈≈≈≈≈≈≈≈≈≈≈≈
≈≈≈≈≈≈≈≈≈≈≈≈≈≈≈≈≈≈≈≈
≈≈≈≈≈≈≈≈≈..≈(≈≈≈≈≈≈≈
≈≈≈≈≈......†(≈≈≈≈≈≈≈
≈).m......@)≈≈≈≈≈≈≈≈
≈≈......##.$≈≈≈≈≈≈≈≈
≈≈...(.(##.(.≈≈≈≈≈≈≈
≈.....(.(<.(≈≈P≈≈≈≈≈
........(.).≈≈≈≈≈≈≈≈
P.c....(..≈≈≈≈≈≈≈≈≈≈
#.....k...≈(≈≈≈≈≈≈≈≈
####.(....≈≈≈≈≈≈≈≈≈≈
#m........≈≈≈≈≈≈P


You could see a merfolk javelineer.

Vanquished Creatures
  Kirke (Lair:6)
  2 stone giants
  The ghost of Ydunniwn the Severer, a journeyman MiFi of Makhleb (Lair:4)
  Snorg (D:12)
  A merfolk impaler (Shoals:4)
  Harold (D:10)
  An alligator snapping turtle (Shoals:3)
  2 merfolk avatars (Shoals:1)
  A merfolk aquamancer (Shoals:4)
  2 hydras
  11 death yaks (Lair:6)
  A satyr (Shoals:3)
  Urug (Lair:6)
  3 ogre magi (Orc:2)
  3 two-headed ogres
  An unseen horror (D:12)
  3 sea snakes
  6 harpies (Shoals:3)
  2 lindwurms
  9 orc sorcerers
  A deep elf mage (D:12)
  4 manticores
  3 cyclopes
  8 fauns
  4 elephants (Lair:6)
  3 merfolk sirens
  A toenail golem (Volcano)
  A water nymph (Shoals:3)
  5 torpor snails (Lair:6)
  7 cane toads
  4 gargoyles
  A centaur skeleton (D:10)
  Maggie (D:9)
  5 komodo dragons
  2 efreet (Volcano)
  2 meliai (Lair:4)
  6 merfolk
  2 trolls (Orc:2)
  A queen bee (Lair:4)
  6 wind drakes
  10 hornets
  3 tyrant leeches (Lair:6)
  19 blink frogs
  Prince Ribbit (D:6)
  4 snapping turtles
  2 dream sheep (Shoals:3)
  7 hippogriffs
  Sigmund (D:3)
  A shadow (D:11)
  2 wraiths
  4 fire bats (D:11)
  A basilisk (Lair:3)
  29 yaks
  8 fire elementals (Volcano)
  3 hogs (Lair:6)
  A warg (Orc:2)
  5 vampire mosquitoes (D:12)
  4 water moccasins
  A hell hound (D:11)
  6 porcupines
  3 black bears
  3 ice beasts
  2 sky beasts
  15 orc warriors
  2 phantoms
  2 necrophages
  6 ogres
  5 centaurs
  11 crocodiles
  11 bullfrogs
  An earth elemental (Volcano)
  A water moccasin zombie (D:9)
  A wyvern skeleton (D:10)
  6 scorpions
  11 killer bees
  An electric eel (Lair:3)
  8 howler monkeys
  2 jellies
  2 lava snakes (D:11)
  4 hounds
  4 bullfrog skeletons
  8 orc priests
  35 orc wizards
  Terence (D:3)
  A gnoll shaman (D:5)
  2 iguanas
  6 worker ants
  A hound zombie (D:5)
  A hound skeleton (D:5)
  3 gnolls (D:5)
  4 adders
  A shadow imp (D:5)
  A white imp (D:5)
  3 ufetubi
  An ooze (D:3)
  3 adder zombies
  An adder skeleton (D:10)
  7 worms
  7 leopard geckos
  56 orcs
  3 bats
  3 giant cockroaches
  3 goblins
  2 hobgoblins
  4 jackals (D:3)
  2 kobolds
  4 quokkas
  2 ball pythons
  2 frilled lizards (D:3)
  2 quokka skeletons (D:5)
  3 rats
  2 butterflies (Lair:6)
  3 fire vortices (D:11)
510 creatures vanquished.

Vanquished Creatures (collateral kills)
  An alligator snapping turtle (Shoals:4)
  A water elemental (Shoals:4)
2 creatures vanquished.

Vanquished Creatures (others)
  37 fungi
  275 plants
312 creatures vanquished.

Grand Total: 824 creatures vanquished

Notes
Turn   | Place    | Note
-------+----------+-------------------------------------------
     0 | D:1      | Lavandula the Ogre Hunter began the quest for the Orb.
     0 | D:1      | Reached XP level 1. HP: 22/22 MP: 1/1
   171 | D:1      | Reached XP level 2. HP: 27/29 MP: 2/2
   740 | D:2      | Reached XP level 3. HP: 36/36 MP: 3/3
   743 | D:2      | Reached skill level 5 in Throwing
   793 | D:2      | Noticed a scorpion
   798 | D:2      | Killed a scorpion
   798 | D:2      | Reached XP level 4. HP: 44/44 MP: 4/4
   944 | D:2      | Found a snail-covered altar of Cheibriados.
   949 | D:2      | Became a worshipper of Cheibriados the Contemplative
  1119 | D:3      | Found a shattered altar of Ashenzari.
  1289 | D:3      | Noticed Terence
  1304 | D:3      | Killed Terence
  1304 | D:3      | Reached XP level 5. HP: 33/50 MP: 5/5
  1432 | D:3      | Noticed Sigmund
  1437 | D:3      | Killed Sigmund
  1437 | D:3      | Reached XP level 6. HP: 59/59 MP: 6/6
  1715 | D:4      | Reached * piety under Cheibriados
  1810 | D:4      | Found Aciohu Jigh's Weapon Emporium.
  1853 | D:4      | Reached XP level 7. HP: 66/66 MP: 7/7
  1999 | D:5      | Entered Level 5 of the Dungeon
  2650 | D:4      | Reached XP level 8. HP: 74/74 MP: 8/8
  2706 | D:4      | Reached skill level 10 in Throwing
  2834 | D:5      | Reached ** piety under Cheibriados
  2921 | D:5      | Found a staircase to the Ecumenical Temple.
  3296 | D:6      | Noticed Prince Ribbit
  3481 | D:6      | Killed Prince Ribbit
  3809 | D:7      | Reached XP level 9. HP: 75/80 MP: 9/9
  4077 | D:7      | Reached *** piety under Cheibriados
  4451 | D:7      | Noticed a cyclops
  4458 | D:7      | Killed a cyclops
  4737 | D:8      | Reached XP level 10. HP: 59/88 MP: 10/10
  5381 | D:9      | Found an iron altar of Okawaru.
  5397 | D:9      | Reached **** piety under Cheibriados
  5705 | D:9      | Noticed Maggie
  5713 | D:9      | Killed Maggie
  5713 | D:9      | Reached skill level 5 in Dodging
  5715 | D:9      | Found Olef Tasm's Antique Armour Boutique.
  5793 | D:10     | Entered Level 10 of the Dungeon
  5793 | D:10     | Noticed a gargoyle
  5796 | D:10     | Killed a gargoyle
  5884 | D:10     | Noticed a two-headed ogre
  5890 | D:10     | Killed a two-headed ogre
  6200 | D:10     | Noticed a two-headed ogre
  6209 | D:10     | Reached skill level 5 in Fighting
  6234 | D:10     | Killed a two-headed ogre
  6234 | D:10     | Reached XP level 11. HP: 60/109 MP: 8/11
  6278 | D:10     | Noticed Harold
  6292 | D:10     | Killed Harold
  6693 | D:11     | Reached skill level 10 in Fighting
  6694 | D:11     | Reached ***** piety under Cheibriados
  6924 | D:11     | Reached skill level 1 in Invocations
  7116 | D:11     | Found a staircase to the Lair.
  7126 | Lair:1   | Entered Level 1 of the Lair of Beasts
  7164 | Lair:1   | Reached skill level 5 in Invocations
  7348 | Lair:2   | Found a staircase to the Shoals.
  7438 | Lair:3   | Found a dark tunnel.
  7438 | Lair:3   | Noticed a lindwurm
  7440 | Lair:3   | Killed a lindwurm
  7460 | Volcano  | Entered a volcano
  7483 | Volcano  | Reached XP level 12. HP: 130/130 MP: 17/17
  8619 | Lair:4   | Found a transporter.
  8623 | Lair:4   | Found a transporter.
  8624 | Lair:4   | Noticed Ydunniwn's ghost (journeyman MiFi)
  8637 | Lair:4   | Reached skill level 10 in Invocations
  8639 | Lair:4   | Killed Ydunniwn's ghost
  8935 | Lair:4   | Noticed a four-headed hydra
  9164 | Lair:5   | You fall into a shaft and drop 1 floor!
  9164 | Lair:6   | Entered Level 6 of the Lair of Beasts
  9165 | Lair:6   | Noticed Urug
  9168 | Lair:6   | Killed Urug
  9213 | Lair:6   | Noticed a four-headed hydra
  9639 | Lair:6   | Reached XP level 13. HP: 135/137 MP: 22/22
 10246 | Lair:6   | Found a runed translucent door.
 10246 | Lair:6   | Found a viscous altar of Jiyva.
 10366 | Lair:6   | Reached skill level 15 in Invocations
 10381 | Lair:6   | Noticed Kirke
 10401 | Lair:6   | Killed Kirke
 10627 | Lair:6   | Found a staircase to the Slime Pits.
 10627 | Lair:6   | Noticed an azure jelly
 10627 | Lair:6   | Noticed an azure jelly
 10647 | Lair:6   | Paralysed by a hornet for 1 turns
 10748 | Lair:6   | Found a runed translucent door.
 10748 | Lair:6   | Noticed an ice dragon
 10845 | Lair:6   | Reached XP level 14. HP: 126/146 MP: 26/26
 11406 | Lair:3   | Identified a scroll of acquirement
 11409 | Lair:3   | Acquired a scarf of resistance
 11896 | D:12     | Reached skill level 15 in Throwing
 13404 | D:4      | Bought a +0 fustibalus of flaming for 319 gold pieces
 13692 | D:12     | Found a staircase to the Orcish Mines.
 13694 | D:12     | Noticed Snorg
 13698 | D:12     | Killed Snorg
 13698 | D:12     | Reached skill level 1 in Unarmed Combat
 13716 | Orc:1    | Entered Level 1 of the Orcish Mines
 13845 | Orc:1    | Noticed a stone giant
 13851 | Orc:1    | Killed a stone giant
 13899 | Orc:2    | Entered Level 2 of the Orcish Mines
 13899 | Orc:2    | Found a staircase to the Elven Halls.
 14143 | Orc:2    | Paralysed by an orc sorcerer for 5 turns
 14188 | Orc:2    | Found Amun's Magic Scroll Emporium.
 14190 | Orc:2    | Reached skill level 5 in Unarmed Combat
 14203 | Orc:2    | Found Kiplo's Magic Scroll Shoppe.
 14224 | Orc:2    | Bought a scroll of noise for 16 gold pieces
 14224 | Orc:2    | Bought a scroll of silence for 120 gold pieces
 14224 | Orc:2    | Bought a scroll of teleportation for 48 gold pieces
 14224 | Orc:2    | Bought a scroll of teleportation for 48 gold pieces
 14224 | Orc:2    | Bought a scroll of enchant armour for 120 gold pieces
 14224 | Orc:2    | Bought a scroll of magic mapping for 56 gold pieces
 14224 | Orc:2    | Bought a scroll of enchant weapon for 120 gold pieces
 14264 | Orc:2    | Bought a scroll of acquirement for 624 gold pieces
 14264 | Orc:2    | Acquired a manual of Transmutations
 14274 | Orc:2    | Learned a level 3 spell: Ozocubu's Armour
 14283 | Orc:2    | Found a radiant altar of Vehumet.
 14285 | Orc:2    | Reached skill level 1 in Ice Magic
 14324 | Orc:2    | Found Poarhok's Antique Armour Emporium.
 14371 | Orc:2    | Found an ancient bone altar of Kikubaaqudgha.
 14435 | Orc:2    | Found a roughly hewn altar of Beogh.
 14468 | Orc:2    | Found Ziacy's Gadget Shoppe.
 14568 | Orc:2    | Paralysed by an orc sorcerer for 7 turns
 14638 | Orc:2    | Noticed a stone giant
 14992 | Orc:2    | Killed a stone giant
 15391 | Orc:2    | Bought a scroll of teleportation for 36 gold pieces
 15391 | Orc:2    | Bought a scroll of immolation for 42 gold pieces
 15391 | Orc:2    | Bought a scroll of fear for 42 gold pieces
 15586 | Shoals:1 | Entered Level 1 of the Shoals
 15586 | Shoals:1 | Found Wumeigre's Jewellery Emporium.
 15615 | Lair:2   | Learned a level 3 spell: Frozen Ramparts
 16044 | Shoals:1 | Reached skill level 5 in Spellcasting
 16063 | Shoals:1 | Reached XP level 15. HP: 123/153 MP: 27/27
 16085 | Lair:2   | Noticed Nergalle
 16123 | Lair:2   | Found a shimmering altar of Xom.
 17778 | Shoals:4 | Entered Level 4 of the Shoals
 19296 | Shoals:4 | HP: 1/153 [merfolk javelineer/silver javelin (21)]
 19296 | Shoals:4 | Hit by a silver javelin thrown by a merfolk javelineer

Illustrated notes

Levels and vault maps discovered:
D:1:      evilmike_arrival_fibonacci_small, layout_loops_ring
D:2:      layout_basic, cheibriados_altar_1
D:3:      layout_basic, cheibrodos_ashenzari_chains, uniq_sigmund, uniq_terence
D:4:      layout_basic, serial_shops, nicolae_shop_crystal
D:5:      layout_loops_corners, temple_green
D:6:      layout_cave_pools, hangedman_decor_peaks_small, uniq_prince_ribbit1
D:7:      layout_loops_corners
D:8:      layout_loops_corners, minivault_1
D:9:      layout_long_grid, serial_shops, shop, okawaru_ov_weapons_minmay,
          uniq_maggie
D:10:     layout_loops_corners, uniq_harold
D:11:     layout_basic, grunt_lair_entry_orc_guard_hut, serial_rivers,
          chequers_serial_rivers_small_b, chequers_serial_rivers_micro_d,
          chequers_serial_rivers_room_a, chequers_serial_rivers_small_b,
          chequers_serial_rivers_small_3, hangedman_incinerator
D:12:     layout_loops_ring, orc_0_dummy, uniq_snorg
D:13:     layout_roguey, david_vaults_2
Lair:1:   layout_big_grid, st_stairs_11, minivault_11
Lair:2:   layout_regular_city, elwin_shoals_entry_rocks, basic_altar,
          chequers_serial_rivers_micro_c, uniq_nergalle
Lair:3:   layout_misc_corridors, nicolae_volcano_entry_vermiform,
          chequers_serial_rivers_micro_a, grunt_megastairs_2,
          infiniplex_staircase_pool, serial_bayou_shore_a
Lair:4:   layout_regular_city, spider_nest_entry_funnel_web,
          gammafunk_ghost_hive
Lair:5:   layout_regular_city
Lair:6:   wormcave, layout_misc_corridors, slime_altar_2, grunt_megastairs_5,
          lemuel_fruit_fields, uniq_urug, uniq_kirke
Shoals:1: layout_shoals, serial_shops, nicolae_shop_stone,
          nicolae_shoals_siren_and_animal_friends
Shoals:2: layout_shoals, gammafunk_ghost_wrathful_warriors,
          nicolae_shoals_wave_tunnel, uniq_nikola, uniq_ilsuiw
Shoals:3: layout_shoals
Shoals:4: shoals_end_grunt_garden, layout_shoals, ldierk_geyser, uniq_roxanne,
          uniq_louise
Orc:1:    layout_diamond_mine
Orc:2:    kennysheep_orc_mage_school, layout_diamond_mine,
          nicolae_orc_stony_grotto

Skill      XL: |  1  2  3  4  5  6  7  8  9 10 11 12 13 14 15 |
---------------+----------------------------------------------+-----
Throwing       | 5 6 7 8 9 11 13 14 15 16 | 16.1
Dodging        | 7 |  7.0
Fighting       | 7 11 | 11.1
Invocations    | 7 12 16 | 16.2
Unarmed Combat | 5 7 |  7.0
Ice Magic      | 3 |  3.8
Spellcasting   | 5 6 |  6.6
Stealth        | |  0.6

Action                   |  1- 3 |  4- 6 |  7- 9 | 10-12 | 13-15 || total
-------------------------+-------+-------+-------+-------+-------++-------
Melee: Short sword       |    30 |    28 |       |       |       ||    58
       Hunting sling     |       |       |       |     1 |       ||     1
       Unarmed           |       |       |       |       |    44 ||    44
       Punch             |       |       |       |       |     2 ||     2
       Fustibalus        |       |       |       |       |     1 ||     1
 Fire: Hunting sling     |       |    17 |   128 |   224 |   163 ||   532
       Fustibalus        |       |       |       |       |   181 ||   181
Throw: Dart              |    15 |    52 |    36 |    39 |    44 ||   186
       Large rock        |     3 |     6 |    19 |    57 |   223 ||   308
       Boomerang         |       |       |    86 |   196 |   128 ||   410
       Javelin           |       |       |       |       |    72 ||    72
       Throwing net      |       |       |       |       |     2 ||     2
       Stone             |       |       |       |       |     1 ||     1
 Cast: Ozocubu's Armour  |       |       |       |       |     8 ||     8
       Frozen Ramparts   |       |       |       |       |     6 ||     6
Invok: Slouch            |       |       |       |    10 |     7 ||    17
       Temporal Distorti |       |       |       |       |     9 ||     9
       Step From Time    |       |       |       |       |     4 ||     4
Evoke: Wand              |       |       |     1 |     5 |    12 ||    18
  Use: Scroll            |       |     5 |     7 |    18 |    16 ||    46
       Potion            |       |       |       |       |     1 ||     1
 Stab: Sleeping          |     1 |       |       |       |       ||     1
Armor: Robe              |     9 |    21 |    50 |    61 |   114 ||   255
Dodge: Dodged            |    16 |    15 |    81 |   166 |   355 ||   633

Table legend: (Time is in decaauts)
 A = Elapsed time spent in this place.
 B = Non-inter-level travel time spent in this place.
 C = Inter-level travel time spent in this place.
 D = Time resting spent in this place.
 E = Time spent auto-exploring this place.
 F = Levels seen in this place.
 G = Mean time per level.
                   A        B        C        D        E       F      G
               +--------+--------+--------+--------+--------+-----+--------+
         Total |  25854 |  22772 |   3082 |   5098 |   5516 |  26 |  994.4 |
       Dungeon |  13056 |  11220 |   1836 |    322 |   5082 |  13 | 1004.3 |
          Lair |   5518 |   5090 |    428 |   1516 |    185 |   6 |  919.7 |
        Shoals |   3596 |   3436 |    160 |   2180 |      6 |   4 |  899.0 |
  Orcish Mines |   2613 |   1956 |    657 |    262 |    241 |   2 | 1306.5 |
       Volcano |   1069 |   1069 |      0 |    816 |      0 |   1 | 1069.0 |
               +--------+--------+--------+--------+--------+-----+--------+

Top non-repeatable levels by time:
Shoals:3: 2746 daAuts
  Lair:6: 2515 daAuts
   Orc:2: 2013 daAuts
    D:10: 1789 daAuts
    D:11: 1483 daAuts
     D:4: 1445 daAuts
     D:5: 1355 daAuts
     D:9: 1286 daAuts
     D:7: 1240 daAuts
  Lair:2: 1225 daAuts
    D:12: 1189 daAuts
 Volcano: 1069 daAuts
     D:8: 1010 daAuts
  Lair:4: 849 daAuts
     D:2: 848 daAuts
